 Dungeon Crawl Stone Soup version 0.27.0-1-g7a089689b8 (webtiles) character file.

Game seed: 15432566109563004321

15257 Fv001 the Carver (level 12, -8/94 HPs)
             Began as a Formicid Abyssal Knight on Aug 1, 2021.
             Was a Priest of Lugonu.
             Mangled by Rupert (21 damage)
             ... on level 11 of the Dungeon.
             The game lasted 00:34:24 (13301 turns).

Fv001 the Carver (Formicid Abyssal Knight)         Turns: 13301, Time: 00:34:24

Health: -8/94      AC: 21    Str: 22    XL:     12   Next: 55%
Magic:  13/19      EV:  9    Int: 11    God:    Lugonu [***...]
Gold:   714        SH: 17    Dex: 11    Spells: 11/11 levels left

rFire    . . .     SeeInvis +   a - +5 long sword (freeze)
rCold    + . .     Faith    .   g - +0 kite shield
rNeg     . . .     Spirit   .   G - +2 chain mail {rC+}
rPois    +         Reflect  +   (helmet unavailable)
rElec    .         Harm     .   L - +2 cloak
rCorr    +         Rampage  .   c - +0 pair of gloves
Will     +....                  l - +2 pair of boots
Stlth    ..........             h - amulet of reflection
HPRegen  0.25/turn              d - ring of poison resistance
MPRegen  0.16/turn              z - ring of resist corrosion

@: mighty
A: permanent stasis, dig shafts and tunnels, antennae 3, four strong arms
a: Dig, Shaft Self, Renounce Religion, Depart the Abyss, Bend Space, Banish


You were on level 11 of the Dungeon.
You worshipped Lugonu.
Lugonu was most pleased with you.
You visited 1 branch of the dungeon, and saw 12 of its levels.
You visited the Abyss 1 time.

You collected 714 gold pieces.

Inventory:

Hand Weapons
 a - a +5 long sword of freezing (weapon)
 b - a +3 rapier of venom
Missiles
 i - 102 bolts
 j - a throwing net
Armour
 c - a +0 pair of gloves (worn)
 g - a +0 kite shield (worn)
 l - a +2 pair of boots (worn)
 G - a +2 chain mail of cold resistance (worn)
 L - a +2 cloak (worn)
Jewellery
 d - a ring of poison resistance (left hand)
 h - an amulet of reflection (around neck)
 o - a ring of magical power
 x - an amulet of the acrobat
 z - a ring of resist corrosion (right hand)
 A - an amulet of regeneration
 B - a ring of fire
Wands
 f - a wand of paralysis (8)
 q - a wand of digging (11)
 v - a wand of flame (27)
 I - a wand of iceblast (7)
 K - a wand of acid (6)
Scrolls
 k - 2 scrolls of magic mapping {unknown}
 n - 2 scrolls of torment
 p - 2 scrolls of fear
 r - a scroll of holy word {unknown}
 s - a scroll of summoning {unknown}
 t - a scroll of acquirement {unknown}
 u - a scroll of noise {unknown}
 y - a scroll of blinking {unknown}
 D - 2 scrolls of enchant weapon {unknown}
 J - 2 scrolls of identify
Potions
 e - 2 potions of brilliance
 m - a potion of might
 w - 2 potions of curing
 C - 2 potions of mutation {unknown}
 E - a potion of flight {unknown}
 F - a potion of berserk rage {unknown}
 H - a potion of attraction {unknown}


   Skills:
 + Level 8.4 Fighting
 + Level 11.3 Long Blades
 + Level 8.5 Armour
 + Level 3.5 Dodging
 + Level 1.7 Stealth
 + Level 9.5 Shields
 * Level 10.1 Invocations
 + Level 2.3 Evocations


You had 11 spell levels left.
You didn't know any spells.
Your spell library was empty.

Dungeon Overview and Level Annotations

Branches:
Dungeon (12/15)            Temple (0/1) D:5            Lair (0/6) D:11
    Orc (0/2) D:9

Altars:
Cheibriados
Dithmenos
Makhleb
Nemelex Xobeh
Wu Jian
Zin
Beogh

Annotations:
D:8 corrupted
D:11 exclusion: 2 oklob plants, Rupert
Abyss:1 Snorg


Innate Abilities, Weirdness & Mutations

You cannot be hasted, slowed, berserked, paralysed or teleported.
You can dig through walls and to a lower floor.
You have a pair of large antennae on your head. (SInv)
Your four strong arms can wield two-handed weapons with a shield.


Message History

Rupert roars madly and goes into a rage!
Rupert goes berserk!
You slash Rupert! You freeze Rupert.
Rupert is moderately wounded.
An acid dragon comes into view.
You block Rupert's attack.
You hit Rupert. You freeze Rupert.
Rupert is moderately wounded.
Rupert hits you but does no damage.
You slash Rupert! You freeze Rupert.
Rupert is heavily wounded.
You block Rupert's attack.
Rupert hits you with a +1 great mace of protection!!
Rupert hits you with a +1 great mace of protection!
You climb upwards.
Level annotation: exclusion: 2 oklob plants
There is a stone staircase leading down, spattered with blood here.
You slash Rupert! You freeze Rupert.
Rupert is heavily wounded.
You block Rupert's attack.
You closely miss Rupert.
Rupert is heavily wounded.
Rupert hits you with a +1 great mace of protection!!
* * * LOW HITPOINT WARNING * * *
You closely miss Rupert.
Rupert is heavily wounded.
You block Rupert's attack.
Rupert hits you with a +1 great mace of protection.
* * * LOW HITPOINT WARNING * * *
Space bends around you!
You blink.
You block Rupert's attack. Space bends around you!
You blink.
You block Rupert's attack. Space bends around you!
You blink.
Press: ? - help, Shift-Dir - straight line, f - Rupert
Aim: Rupert, wielding a +1 great mace of protection and wearing a +0 ring mail of fire resistance (translocational energy, heavily wounded, berserk, chance to affect: 24%) Rupert resists with almost no effort.
You can no longer corrupt the fabric of space.
Are you sure you want to shaft yourself?
You begin to dig a shaft.
You continue digging a shaft.
Rupert hits you with a +1 great mace of protection!!
You die...

##.########
#........####.#####.
##......########..###.#
#.# #.
##................# #.#
#.# #.
.#......########..###.#
#.# #. .#.........#
#......####.#####.
.........#.#
#..>....(.........
.........#.#
###†...((....####.
.........#.#
#.@......###.# #.
.#.#...###.# #@##.###.#
#.# #. .......###.#
#.##.# #.# #.####.
...........## #.##.###.#
#...... ......###...##
#........# #..####
.....###.###.###.#.##.###
#..# #....##.##
##.##.#.##.#####..##
.....##.#
#....#............#
###..##.##
##......#########..#
.##......###.####### #..#


You could see Rupert (berserk).

Vanquished Creatures
  3 two-headed ogres
  Urug (D:11)
  A deep elf pyromancer (D:8)
  A manticore (D:11)
  Joseph (D:10)
  Maurice (D:11)
  A gargoyle (D:11)
  2 trolls
  A centaur simulacrum (D:10)
  Sigmund (D:2)
  12 yaks
  A vampire mosquito (D:9)
  A steam dragon (D:8)
  Edmund (D:5)
  A water moccasin (D:6)
  3 orc warriors (D:9)
  2 ice beasts (D:7)
  A hornet zombie (D:7)
  A sky beast (D:6)
  6 necrophages
  2 ogres
  10 centaurs
  A kobold brigand (D:9)
  2 bullfrogs (D:7)
  A gnoll sergeant (D:10)
  3 scorpions
  A wyvern skeleton (D:6)
  15 wights
  4 killer bees (D:9)
  2 howler monkeys (D:9)
  3 centaur zombies
  13 orc priests
  2 hounds
  3 jellies
  2 bullfrog skeletons
  Jessica (D:3)
  4 iguanas
  Terence (D:3)
  Ijyb (D:3)
  Natasha (thrice) (D:3)
  20 orc wizards
  12 gnolls
  5 adders
  A shadow imp (D:5)
  2 white imps
  2 dart slugs
  5 worms
  43 orcs
  7 ball pythons
  9 endoplasms
  4 giant cockroaches
  11 goblins
  7 hobgoblins
  5 jackals
  5 quokkas
  6 bats
  A frilled lizard (D:3)
  17 kobolds
  4 rats
282 creatures vanquished.

Vanquished Creatures (others)
  Grum (D:8)
  3 wolves (D:8)
  A kobold brigand (D:8)
  A bullfrog (D:8)
  An orc priest (D:8)
  An orc wizard (D:8)
  4 orcs (D:8)
  6 kobolds (D:8)
18 creatures vanquished.

Grand Total: 300 creatures vanquished

Notes
Turn   | Place    | Note
-------+----------+-------------------------------------------
     0 | Abyss:1  | Fv001 the Formicid Abyssal Knight began the quest for the
                  | Orb.
     0 | Abyss:1  | Reached XP level 1. HP: 18/18 MP: 2/2
    61 | Abyss:1  | Noticed a worldbinder
    65 | Abyss:1  | Noticed an orc priest
    65 | Abyss:1  | Noticed an orc priest
    66 | Abyss:1  | Noticed a warg
    66 | Abyss:1  | Noticed a troll
    66 | D:1      | Escaped the Abyss
   317 | D:1      | Reached XP level 2. HP: 25/25 MP: 3/3
   334 | D:1      | Reached * piety under Lugonu
   774 | D:1      | Reached XP level 3. HP: 26/30 MP: 4/4
  1596 | D:2      | Reached skill level 1 in Dodging
  1617 | D:2      | Reached XP level 4. HP: 36/37 MP: 5/5
  1780 | D:2      | Noticed Sigmund
  1785 | D:2      | Killed Sigmund
  1786 | D:2      | Reached skill level 4 in Long Blades
  1786 | D:2      | Reached skill level 1 in Shields
  1786 | D:2      | Reached XP level 5. HP: 42/42 MP: 6/6
  1786 | D:2      | Reached XP level 6. HP: 48/48 MP: 7/7
  1799 | D:2      | Reached ** piety under Lugonu
  2418 | D:3      | Noticed Terence
  2435 | D:3      | Killed Terence
  2703 | D:3      | Noticed Ijyb
  2743 | D:3      | Killed Ijyb
  2744 | D:3      | Reached skill level 1 in Evocations
  2969 | D:3      | Noticed Jessica
  2984 | D:3      | Killed Jessica
  2985 | D:3      | Reached XP level 7. HP: 47/55 MP: 7/9
  3545 | D:3      | Noticed Natasha
  3556 | D:3      | Killed Natasha
  3701 | D:3      | Noticed Natasha
  3714 | D:3      | Killed Natasha
  3715 | D:3      | Reached skill level 5 in Long Blades
  3729 | D:3      | Reached XP level 8. HP: 60/61 MP: 8/10
  3754 | D:4      | Reached *** piety under Lugonu
  3890 | D:3      | Noticed Natasha
  3902 | D:3      | Killed Natasha
  4005 | D:4      | Reached skill level 5 in Fighting
  4125 | D:4      | Reached skill level 6 in Long Blades
  4688 | D:5      | Entered Level 5 of the Dungeon
  5267 | D:5      | Reached skill level 7 in Long Blades
  5406 | D:5      | Found a staircase to the Ecumenical Temple.
  5590 | D:5      | Reached skill level 1 in Stealth
  5732 | D:5      | Reached **** piety under Lugonu
  5733 | D:5      | Reached skill level 5 in Armour
  5733 | D:5      | Reached XP level 9. HP: 20/68 MP: 6/11
  5977 | D:5      | Noticed Edmund
  6018 | D:5      | Killed Edmund
  6994 | D:6      | You fall into a shaft and drop 2 floors!
  7083 | D:6      | Reached skill level 8 in Long Blades
  7147 | D:6      | Reached skill level 5 in Invocations
  7220 | D:6      | Reached skill level 5 in Shields
  7823 | D:7      | Reached XP level 10. HP: 56/76 MP: 14/14
  8333 | D:7      | Identified the +10 flail "Loxi" {distort, rElec rC+ rN+
                  | Dex-3}
  8622 | D:8      | Reached skill level 9 in Long Blades
  8708 | D:8      | Noticed a deep elf pyromancer
  8729 | D:8      | Killed a deep elf pyromancer
  8736 | D:8      | Found a burning altar of Makhleb.
  8793 | D:8      | Noticed a two-headed ogre
  8807 | D:8      | Killed a two-headed ogre
  8808 | D:8      | Reached XP level 11. HP: 60/84 MP: 16/16
  9118 | D:8      | Corrupted D:8
  9118 | D:8      | Noticed a starcursed mass
  9118 | D:8      | Noticed a bone dragon
  9118 | D:8      | Noticed a spatial maelstrom
  9129 | D:8      | Killed Grum
 10065 | D:9      | Reached skill level 10 in Long Blades
 10311 | D:9      | Found a staircase to the Orcish Mines.
 10587 | D:10     | Entered Level 10 of the Dungeon
 10865 | D:10     | Found a shadowy altar of Dithmenos.
 10870 | D:10     | Found an ornate altar of the Wu Jian Council.
 10878 | D:10     | Found a snail-covered altar of Cheibriados.
 10893 | D:10     | Noticed Joseph
 10908 | D:10     | Killed Joseph
 11131 | D:10     | Noticed a two-headed ogre
 11154 | D:10     | Banished a two-headed ogre
 11435 | D:10     | Found a glowing silver altar of Zin.
 11436 | D:10     | Found a sparkling altar of Nemelex Xobeh.
 11474 | D:10     | Noticed a two-headed ogre
 11489 | D:10     | Killed a two-headed ogre
 11603 | D:10     | Noticed a two-headed ogre
 11604 | D:10     | Banished a two-headed ogre
 11605 | D:10     | Reached XP level 12. HP: 62/92 MP: 13/18
 11804 | D:10     | Noticed a two-headed ogre
 11818 | D:10     | Killed a two-headed ogre
 12197 | D:11     | Noticed Urug
 12229 | D:11     | Killed Urug
 12230 | D:11     | Reached skill level 11 in Long Blades
 12512 | D:11     | Noticed Maurice
 12523 | D:11     | Killed Maurice
 12566 | D:11     | Found a staircase to the Lair.
 12681 | D:11     | Noticed Snorg
 12696 | D:11     | Banished Snorg
 12707 | D:11     | Reached skill level 10 in Invocations
 13186 | D:12     | Noticed Rupert
 13301 | D:11     | Mangled by Rupert

Illustrated notes

Levels and vault maps discovered:
D:1:      lemuel_arrival_broad_hall, layout_loops_corners,
          minmay_misc_feat_enclosed, minivault_5, minivault_19,
          minmay_pentomino_r4
D:2:      layout_basic, kennysheep_cross_room, chequers_serial_rivers_micro_c,
          lemuel_flame_loot_1, uniq_sigmund
D:3:      layout_basic, grunt_ministairs_2, minmay_ruptured, uniq_terence,
          uniq_natasha, uniq_ijyb, uniq_jessica
D:4:      cheibrodos_pilgrimage, layout_rooms, minmay_crystal_room,
          eino_small_chamber_without_monster
D:5:      layout_gridville, minmay_temple_entry_nine_rooms, uniq_edmund
D:6:      layout_loops_ring, minmay_misc_feat_five, minmay_misc_feat_room
D:7:      layout_rooms, serial_undead, serial_undead_a, serial_undead_d,
          serial_undead_c, serial_undead_c, nrook_uturn
D:8:      layout_basic, mainiacjoe_overflow_chevrons, serial_corexii_hall,
          corexii_hall_statues_x, corexii_hall_statues_u,
          corexii_hall_statues_x, chequers_hall_statues_wall_a,
          chequers_serial_rivers_micro_d, uniq_grum
D:9:      layout_big_octagon, minmay_orc_entry_temple_small, enter_bailey_6,
          minmay_microvault
D:10:     layout_long_grid, mainiacjoe_overflow_divided_tiny,
          grunt_temple_overflow_open, chequers_decorated_corner,
          minmay_circle_x, uniq_joseph
D:11:     layout_loops_ring, dpeg_oklobed_lair, uniq_maurice, uniq_urug,
          uniq_snorg
D:12:     layout_rooms, uniq_rupert

Skill      XL: |  1  2  3  4  5  6  7  8  9 10 11 12 |
---------------+-------------------------------------+-----
Dodging        | 1 2 3 |  3.5
Fighting       | 4 5 6 7 8 |  8.4
Long Blades    | 4 5 7 8 9 10 11 | 11.3
Armour         | 3 4 5 6 7 8 |  8.5
Shields        | 1 2 3 5 7 8 9 |  9.5
Evocations     | 1 2 |  2.3
Invocations    | 3 5 7 9 10 | 10.1
Stealth        | 1 |  1.7

Action                   |  1- 3 |  4- 6 |  7- 9 | 10-12 || total
-------------------------+-------+-------+-------+-------++-------
Melee: Falchion          |    97 |   134 |   418 |       ||   649
       Long sword        |       |       |    93 |   511 ||   604
Invok: Depart the Abyss  |     1 |       |       |       ||     1
       Bend Space        |       |     3 |     2 |     5 ||    10
       Banish            |       |       |     2 |     6 ||     8
       Corrupt           |       |       |       |     1 ||     1
 Abil: Dig               |     3 |     4 |     7 |    10 ||    24
       Shaft Self        |       |       |       |     1 ||     1
Evoke: Wand              |       |     8 |     8 |     5 ||    21
  Use: Scroll            |     1 |     1 |     3 |     2 ||     7
       Potion            |       |     5 |     2 |     5 ||    12
Armor: Leather armour    |    15 |       |       |       ||    15
       Scale mail        |    23 |    49 |     5 |       ||    77
       Chain mail        |       |       |   172 |   144 ||   316
       Skin              |       |       |    16 |     9 ||    25
Dodge: Dodged            |    46 |    58 |   124 |   104 ||   332
Block: Other             |    19 |    24 |    69 |       ||   112
       Reflection        |       |       |     6 |    19 ||    25
       Kite shield       |       |       |    85 |   435 ||   520
       Rpst.: Falchion   |    22 |    17 |    36 |       ||    75
       Long sword        |       |       |     4 |    21 ||    25
